 Dungeon Crawl Stone Soup version 0.31-a0-596-g831eee08f1 (webtiles) character file.

Game seed: 248983814659117866

31173 Zonian the Mimic (level 13, -2/108 HPs)
             Began as a Merfolk Shapeshifter on Aug 20, 2023.
             Was the Champion of Cheibriados.
             Slain by a catoblepas (13 damage)
             ... while petrified by a catoblepas
             ... on level 3 of the Lair of Beasts.
             The game lasted 00:43:39 (20062 turns).

Zonian the Mimic (Merfolk Shapeshifter)            Turns: 20062, Time: 00:43:39

Health: -2/108     AC: 10    Str: 36    XL:     13   Next: 56%
Magic:  19/19      EV:  2    Int: 22    God:    Cheibriados [******]
Gold:   761        SH:  0    Dex: 29    Spells: 10/12 levels left

rFire   . .          .
                       - Unarmed
rCold   . . .        D - +0 buckler
rNeg    + + +        L - +3 leather armour of the Moon {rElec}
rPois   ∞            (helmet currently unavailable)
rElec   +            (cloak currently unavailable)
rCorr   .            (gloves currently unavailable)
SInv    .            (boots currently unavailable)
Will    .....        (no amulet)
Stlth   ++++         o - +4 ring of protection
HPRegen 0.38/turn    u - +5 ring of evasion
MPRegen 0.16/turn

%: no passive effects
@: beast-form, petrified, very slow
A: beast (slay +4), (nimble swimmer 2), mertail
a: Begin Untransformation, Renounce Religion, Bend Time, Temporal Distortion,
Slouch, Step From Time


You were on level 3 of the Lair of Beasts.
You worshipped Cheibriados.
Cheibriados was exalted by your worship.
You were a hulking beast.
You visited 2 branches of the dungeon, and saw 15 of its levels.

You collected 1001 gold pieces.
You spent 240 gold pieces at shops.

Inventory:

Hand Weapons
 J - a +4 scimitar of flaming
 N - a +0 short sword of protection
Missiles
 e - 2 curare-tipped darts
Armour
 g - a +2 leather armour of positive energy
 D - a +0 buckler (worn)
 E - a +3 ring mail
 L - the +3 leather armour of the Moon (worn) {rElec}
   (You found it on level 11 of the Dungeon)

   rElec:     It insulates you from electricity.
Jewellery
 f - an amulet of faith
 o - a +4 ring of protection (left hand)
 p - a ring of protection from fire
 u - a +5 ring of evasion (right hand)
 v - a ring of ice
 K - a ring of see invisible
 M - a ring of ice
 O - a ring of fire
 W - a +6 ring of intelligence
Talismans
 c - a beast talisman (active)
 d - a flux talisman
Wands
 a - a wand of flame (41)
 x - a wand of paralysis (17)
 y - a wand of polymorph (9)
 C - a wand of light (3)
 F - a wand of roots (3)
 G - a wand of mindburst (10)
 U - a wand of digging (2)
Scrolls
 l - 5 scrolls of fog
 m - 2 scrolls of immolation
 w - 4 scrolls of teleportation
 z - 2 scrolls of revelation
 A - a scroll of silence
 B - 2 scrolls of blinking
 H - a scroll of amnesia
 I - 4 scrolls of vulnerability
 Q - a scroll of fear
 R - 2 scrolls of poison
 V - a scroll of enchant armour {unknown}
Potions
 b - 3 potions of lignification
 h - 13 potions of curing
 i - 2 potions of invisibility
 j - 3 potions of ambrosia
 k - 3 potions of heal wounds
 n - 2 potions of resistance
 q - 3 potions of attraction
 r - 2 potions of brilliance
 s - 3 potions of might
 t - a potion of magic
 P - a potion of enlightenment
 S - 2 potions of mutation
 T - 2 potions of berserk rage


   Skills:
 + Level 12.2 Fighting
 - Level 9.9 Dodging
 - Level 6.0 Stealth
 + Level 12.6 Unarmed Combat
 + Level 6.7 Transmutations
 - Level 8.0 Invocations
 + Level 12.7 Shapeshifting


You had 10 spell levels left.
You knew the following spells:

 Your Spells              Type           Power      Damage    Failure   Level
a - Wereblood             Tmut           29%        N/A       1%          2

Your spell library contained the following spells:

 Spells                   Type           Power      Damage    Failure   Level
 Apportation              Tloc           0%         N/A       22%         1
 Necrotise                Necr           0%         1d4       22%         1
 Summon Small Mammal      Summ           0%         N/A       22%         1
 Static Discharge         Conj/Air       0%         2-2/arc   32%         2
 Sublimation of Blood     Necr           0%         N/A       32%         2
 Inner Flame              Hex/Fire       0%         N/A       54%         3
 Vampiric Draining        Necr           0%         2d6       54%         3
 Vhi's Electric Charge    Tloc/Air       0%         N/A       54%         3
 Volatile Blastmotes      Fire/Tloc      0%         2d10      54%         3
 Airstrike                Air            0%         2d(0-16)  91%         4
 Flame Wave               Conj/Fire      0%         2d4       91%         4
 Fulminant Prism          Conj/Hex       0%         3d5       91%         4
 Iskenderun's Mystic Bla  Conj/Tloc      0%         2d3       91%         4
 Leda's Liquefaction      Hex/Erth       0%         N/A       91%         4
 Sticky Flame             Conj/Fire      0%         2d3       91%         4
 Summon Lightning Spire   Summ/Air       0%         N/A       91%         4
 Agony                    Necr           0%         N/A       99%         5
 Arcjolt                  Conj/Air       0%         1d10      99%         5
 Lee's Rapid Deconstruct  Erth           0%         3d4*      99%         5
 Leda's Unmaking          Conj/Erth      0%         9d1       100%        6
 Plasma Beam              Fire/Air       0%         2x1d10    100%        6
 Summon Hydra             Summ           0%         N/A       100%        7


Dungeon Overview and Level Annotations

Branches:
Dungeon (11/15)            Temple (0/1) D:5            Lair (4/5) D:11
 Shoals (0/4) Lair:2        Snake (0/4) Lair:2        Slime (0/5) Lair:4
    Orc (0/2) D:11

Altars:
Cheibriados
Fedhas
Sif Muna
Jiyva

Shops:
D:1 [   D:5 **::!   D:6 **   D:11 [

Annotations:
D:5 2 transporters
D:9 exclusion: orange crystal statue
Lair:3 1 runed translucent door, jasper's ghost, journeyman SpEE


Innate Abilities, Weirdness & Mutations

You are a hulking beast.
Your limbs bulge with bestial killing power. (Slay +4)
You are immune to poison.
((You are very nimble when in or above water. (Stealth+, EV+, Speed+++)))
Your lower body shifts to a powerful aquatic tail in water.


Message History

You hit the catoblepas but do no damage.
The catoblepas is heavily wounded.
The catoblepas breathes a plume of calcifying dust at you.
The blast of calcifying dust hits you!
You hit the catoblepas.
The catoblepas is heavily wounded.
You are engulfed in calcifying dust.
The catoblepas breathes a plume of calcifying dust at you.
The blast of calcifying dust hits you.
* * * LOW HITPOINT WARNING * * *
You punch the catoblepas!
The catoblepas is severely wounded.
You are engulfed in calcifying dust.
The catoblepas gores you.
* * * LOW HITPOINT WARNING * * *
Unknown command.
Aiming: Bolt of Light
Press: ? - help, Shift-Dir - straight line, f - catoblepas
Aim: a catoblepas (severely wounded, 100% to hit)
The bolt of light hits the catoblepas.
The catoblepas is severely wounded.
The catoblepas is blinded.
The bolt of light hits the death yak.
The death yak is moderately wounded.
The death yak is blinded.
You are engulfed in calcifying dust.
The death yak is no longer petrified.
Unknown command.
You hit the catoblepas but do no damage.
The catoblepas is severely wounded.
You are engulfed in calcifying dust.
You are slowing down.
You have turned to stone.
The death yak bellows!
The catoblepas bellows!
The catoblepas is no longer blind.
The death yak is no longer blind.
The death yak gores you but does no damage.
The death yak gores you!!
* * * LOW HITPOINT WARNING * * *
The death yak gores you!
* * * LOW HITPOINT WARNING * * *
The catoblepas gores you!!
You die...

#.)..##
######....###.#####.....# ##...#
###. #...## #.## ##...... #...
.... #...# ##..# #....... ..
.....#...###...# ##.....#
...+....##...## #...... #
P....####...###...... ...
#....#...####.......
....#########.Y..##..#####......
........##.#..Yh###...##.#......
.........................^......
.##.#PP###.###.######..#########
### ####.## #### ###


You could see a death yak and a catoblepas.

Vanquished Creatures
  A hydra (Lair:4)
  A catoblepas (Lair:2)
  4 two-headed ogres
  Erica (D:8)
  4 death yaks
  A cyclops (D:11)
  8 elephants
  A guardian serpent (Lair:2)
  A gargoyle (D:11)
  An unseen horror (D:10)
  5 cane toads
  2 rime drakes
  7 komodo dragons
  2 polar bears
  A hornet (D:9)
  A troll (D:11)
  5 blink frogs (Lair:2)
  A wraith (D:10)
  47 yaks
  6 wyverns
  Grum (D:8)
  5 basilisks
  3 steam dragons
  6 water moccasins
  5 orc warriors
  2 ice beasts (D:6)
  2 black bears
  4 ogres
  12 wolves
  A phantom (D:5)
  5 centaurs
  2 kobold brigands
  4 gnoll sergeants
  6 scorpions
  11 bullfrogs
  8 wights
  3 killer bees (D:10)
  2 howler monkeys (D:7)
  2 jellies
  3 hounds
  9 orc priests
  A sleepcap (D:6)
  3 iguanas
  7 orc wizards
  Natasha (thrice) (D:3)
  4 adders
  24 gnolls
  A shadow imp (D:5)
  4 white imps
  3 worms
  A dart slug (D:2)
  29 orcs
  10 ball pythons
  4 bats
  5 endoplasms
  4 giant cockroaches
  5 goblins
  6 hobgoblins
  5 jackals
  A quokka (D:3)
  4 frilled lizards
  20 kobolds
  4 rats
344 creatures vanquished.

Vanquished Creatures (others)
  An orc wizard (D:6)
1 creature vanquished.

Grand Total: 345 creatures vanquished

Notes
Turn   | Place    | Note
-------+----------+-------------------------------------------
     0 | D:1      | Zonian the Merfolk Shapeshifter began the quest for the
                  | Orb.
     0 | D:1      | Reached XP level 1. HP: 15/15 MP: 1/1
   135 | D:1      | Reached XP level 2. HP: 21/21 MP: 2/2
   220 | D:1      | Found Tumuyzan's Antique Armour Shop.
   841 | D:2      | Reached XP level 3. HP: 23/27 MP: 3/3
  1597 | D:3      | Noticed Natasha
  1599 | D:3      | Found a snail-covered altar of Cheibriados.
  1603 | D:3      | Killed Natasha
  1604 | D:3      | Reached XP level 4. HP: 25/33 MP: 4/4
  1759 | D:3      | Became a worshipper of Cheibriados the Contemplative
  1827 | D:3      | Noticed Natasha
  1838 | D:3      | Killed Natasha
  1879 | D:3      | Reached XP level 5. HP: 39/39 MP: 5/5
  2034 | D:3      | Noticed Natasha
  2041 | D:3      | Killed Natasha
  2270 | D:4      | Reached skill level 5 in Shapeshifting
  2574 | D:4      | Reached * piety under Cheibriados
  2826 | D:4      | Noticed a black bear
  2826 | D:4      | Noticed an ogre
  3109 | D:4      | Killed an ogre
  3110 | D:4      | Reached XP level 6. HP: 47/47 MP: 6/6
  3133 | D:4      | Killed a black bear
  3134 | D:4      | Reached skill level 5 in Dodging
  3625 | D:4      | Reached skill level 5 in Unarmed Combat
  3731 | D:4      | Reached XP level 7. HP: 53/53 MP: 7/7
  4169 | D:5      | Entered Level 5 of the Dungeon
  4184 | D:5      | Found a transporter.
  4460 | D:5      | Reached XP level 8. HP: 54/61 MP: 8/8
  4814 | D:5      | Found Yllunkub's Distillery.
  4826 | D:5      | Bought a potion of curing for 33 gold pieces
  4826 | D:5      | Bought a potion of curing for 33 gold pieces
  4826 | D:5      | Bought a potion of curing for 33 gold pieces
  4826 | D:5      | Bought a potion of might for 44 gold pieces
  4826 | D:5      | Bought a potion of curing for 33 gold pieces
  4867 | D:5      | Found Zusapoiv's Book Shoppe.
  4890 | D:5      | Reached skill level 5 in Fighting
  5637 | D:5      | Found a shimmering blue altar of Sif Muna.
  5752 | D:5      | Found Zimoicl Naso's General Store.
  5756 | D:5      | Bought a scroll of teleportation for 36 gold pieces
  6021 | D:5      | Found a transporter.
  6021 | D:5      | Found Jeijyag's Book Shop.
  6040 | D:5      | Found a staircase to the Ecumenical Temple.
  6083 | D:5      | Found Xieblide's Assorted Antiques.
  6089 | D:5      | Bought a scroll labelled POKKENI POTT for 28 gold pieces
  6499 | D:6      | Reached ** piety under Cheibriados
  6800 | D:6      | Reached XP level 9. HP: 53/69 MP: 9/9
  6900 | D:6      | Reached skill level 1 in Stealth
  7644 | D:6      | Found Diareyq's Specific Store.
  7645 | D:6      | Found Wyoggoh's General Store.
  7937 | D:7      | Reached *** piety under Cheibriados
  8452 | D:7      | Reached skill level 1 in Invocations
  8674 | D:8      | Noticed a two-headed ogre
  8687 | D:8      | Reached XP level 10. HP: 60/79 MP: 9/11
  9375 | D:8      | Killed a two-headed ogre
  9376 | D:8      | Reached skill level 5 in Stealth
  9503 | D:8      | Noticed Grum
  9521 | D:8      | Killed Grum
  9598 | D:8      | Reached **** piety under Cheibriados
  9905 | D:8      | Noticed Erica
  9917 | D:8      | Killed Erica
 10491 | D:9      | Noticed a two-headed ogre
 10881 | D:9      | Noticed a two-headed ogre
 10893 | D:9      | Killed a two-headed ogre
 10894 | D:9      | Reached XP level 11. HP: 89/89 MP: 14/14
 10895 | D:9      | Killed a two-headed ogre
 10896 | D:9      | Reached skill level 10 in Shapeshifting
 11118 | D:9      | Noticed an orange crystal statue
 11452 | D:10     | Entered Level 10 of the Dungeon
 11529 | D:10     | Reached skill level 10 in Unarmed Combat
 12437 | D:10     | Noticed a two-headed ogre
 12700 | D:10     | Reached skill level 5 in Invocations
 12703 | D:10     | Reached ***** piety under Cheibriados
 12783 | D:10     | Killed a two-headed ogre
 13028 | D:10     | Reached skill level 10 in Fighting
 13465 | D:11     | Identified the +3 leather armour of the Moon {rElec}
 13708 | D:11     | Noticed a cyclops
 13713 | D:11     | Killed a cyclops
 13825 | D:11     | Found a staircase to the Lair.
 13851 | D:11     | Reached XP level 12. HP: 92/98 MP: 16/16
 13890 | D:11     | Found a staircase to the Orcish Mines.
 13943 | D:11     | Found a blossoming altar of Fedhas.
 14082 | D:11     | Found Wiarid's Antique Armour Emporium.
 14397 | D:11     | Learned a level 2 spell: Wereblood
 14404 | Lair:1   | Entered Level 1 of the Lair of Beasts
 14825 | Lair:1   | Reached skill level 1 in Transmutations
 16278 | Lair:2   | Found a staircase to the Shoals.
 16591 | Lair:2   | Reached ****** piety under Cheibriados
 16775 | Lair:2   | Found a staircase to the Snake Pit.
 16820 | Lair:2   | Noticed a catoblepas
 16833 | Lair:2   | Killed a catoblepas
 17301 | Lair:2   | Reached XP level 13. HP: 103/106 MP: 18/18
 17988 | Lair:3   | Reached skill level 5 in Transmutations
 18891 | Lair:3   | Found a runed translucent door.
 18893 | Lair:3   | Noticed jasper's ghost (journeyman SpEE)
 19012 | Lair:3   | You fall into a shaft and drop 1 floor!
 19145 | Lair:4   | Found a staircase to the Slime Pits.
 19146 | Lair:4   | Found a viscous altar of Jiyva.
 20062 | Lair:3   | Slain by a catoblepas

Illustrated notes

Levels and vault maps discovered:
D:1:      amcnicky_arrival_abandoned_market, layout_basic, serial_shops, shop,
          amcnicky_mini_rare_corridor_liquid
D:2:      layout_loops_cross, grunt_ministairs_3
D:3:      layout_rooms, mainiacjoe_overflow_small_starburst,
          grunt_decor_junction, uniq_natasha
D:4:      layout_rooms, serial_rivers, chequers_serial_rivers_micro_e,
          chequers_serial_rivers_small_3, chequers_serial_rivers_large_b,
          chequers_serial_rivers_micro_d, chequers_serial_rivers_small_b,
          chequers_serial_rivers_room_b
D:5:      layout_loops_ring, mainiacjoe_overflow_alcove_4,
          minmay_temple_entry_proselytizer, serial_shops, kennysheep_little_box,
          kennysheep_mini_moat, shop, nicolae_shop_drivethru,
          nicolae_shop_tiny_glass
D:6:      layout_loops_ring, nicolae_specific_store
D:7:      layout_basic
D:8:      layout_loops_ring, minivault_5, palyth_stone_intersect, uniq_grum,
          uniq_erica
D:9:      layout_roguey, minmay_statue_bubble
D:10:     layout_irregular_city
D:11:     layout_roguey, david_lair_generic, orc_0_dummy, serial_shops, shop,
          fedhas_altar_1
Lair:1:   layout_layer_cave, beast_lair_carwin_4
Lair:2:   layout_roguey, minmay_shoals_entry_centaurs,
          minmay_snake_entry_spellcaster
Lair:3:   layout_regular_city, gammafunk_ghost_grave,
          nicolae_lair_grazing_beasts [nicolae_sub_lair_graze_edge,
          nicolae_sub_lair_graze_edge, nicolae_sub_lair_graze_edge,
          nicolae_sub_lair_graze_edge]
Lair:4:   layout_regular_city, slime_entry_1, beast_lair_carwin_7,
          grunt_megastairs_2, serial_bayou_shore_b

Skill      XL: |  1  2  3  4  5  6  7  8  9 10 11 12 13 |
---------------+----------------------------------------+-----
Dodging        | 3 4 5 6 7 9 |  9.9
Fighting       | 2 3 4 6 7 9 10 11 12 | 12.2
Unarmed Combat | 4 5 6 8 9 10 11 12 | 12.6
Shapeshifting  | 5 6 7 8 9 11 12 | 12.7
Stealth        | 4 6 |  6.0
Invocations    | 1 4 6 7 8 |  8.0
Transmutations | 4 6 |  6.7

Action                     |  1- 3 |  4- 6 |  7- 9 | 10-12 | 13-15 || total
---------------------------+-------+-------+-------+-------+-------++-------
  Melee: Unarmed           |   120 |   112 |   301 |   586 |   200 ||  1319
         Punch             |     5 |     2 |    12 |       |       ||    19
         Tailslap          |       |     2 |       |       |     2 ||     4
  Throw: Dart              |       |       |       |     1 |       ||     1
   Cast: Wereblood         |       |       |       |     1 |     2 ||     3
 Invoke: Bend Time         |       |       |       |     3 |       ||     3
  Evoke: Wand              |       |     4 |     4 |    10 |     2 ||    20
    Use: Scroll            |       |    15 |     8 |     6 |     2 ||    31
         Potion            |       |       |       |     2 |     1 ||     3
   Stab: Sleeping          |     3 |       |     3 |     6 |     4 ||    16
         Paralysed         |       |     8 |     2 |     5 |       ||    15
         Invisible         |       |       |     3 |     3 |       ||     6
         Distracted        |       |       |     1 |     1 |       ||     2
 Armour: Animal skin       |    28 |    26 |       |       |       ||    54
         Leather armour    |       |     3 |    50 |    30 |    26 ||   109
         Ring mail         |       |       |    18 |    57 |       ||    75
  Dodge: Dodged            |    80 |    51 |   234 |   538 |   189 ||  1092
  Block: Buckler           |       |       |    10 |   149 |    54 ||   213

Table legend: (Time is in decaauts)
 A = Elapsed time spent in this place.
 B = Non-inter-level travel time spent in this place.
 C = Inter-level travel time spent in this place.
 D = Time resting spent in this place.
 E = Time spent auto-exploring this place.
 F = Levels seen in this place.
 G = Mean time per level.
                   A        B        C        D        E       F      G
               +--------+--------+--------+--------+--------+-----+--------+
         Total |  25546 |  24897 |    649 |   8191 |  11829 |  15 | 1703.1 |
       Dungeon |  17338 |  16785 |    553 |   5851 |   7624 |  11 | 1576.2 |
          Lair |   8207 |   8111 |     96 |   2339 |   4205 |   4 | 2051.8 |
               +--------+--------+--------+--------+--------+-----+--------+

Top non-repeatable levels by time:
  Lair:1: 2996 daAuts
  Lair:2: 2566 daAuts
     D:8: 2410 daAuts
     D:5: 2326 daAuts
    D:10: 2128 daAuts
     D:6: 1962 daAuts
  Lair:3: 1929 daAuts
     D:9: 1612 daAuts
     D:3: 1508 daAuts
     D:4: 1465 daAuts
    D:11: 1409 daAuts
     D:7: 1045 daAuts
     D:1: 743 daAuts
     D:2: 727 daAuts
  Lair:4: 715 daAuts
